 Dungeon Crawl Stone Soup version 0.28.0 (webtiles) character file.

Game seed: 17530201254091614959

9 Armakuni the Magician (level 2, 0/17 HPs)
             Began as a Deep Elf Transmuter on Feb 8, 2022.
             Slain by a jackal (1 damage)
             ... on level 1 of the Dungeon.
             The game lasted 00:02:15 (743 turns).

Armakuni the Magician (Deep Elf Transmuter)          Turns: 743, Time: 00:02:16

Health: 0/17       AC:  2    Str:  5 (7)  XL:     2   Next: 3%
Magic:  7/8        EV: 12    Int: 14 (17) God:
Gold:   20         SH:  0    Dex: 14 (15) Spells: 6/7 levels left

rFire   . . .      SeeInvis .   a - +0 falchion
rCold   . . .      Faith    .   (no shield)
rNeg    . . .      Spirit   .   d - +0 robe
rPois   .          Reflect  .   (helmet currently unavailable)
rElec   .          Harm     .   (no cloak)
rCorr   .          Rampage  .   (no gloves)
Will    .....                   (boots currently unavailable)
Stlth   +.........              (no amulet)
HPRegen 0.05/turn               (no ring)
MPRegen 0.11/turn               (no ring)

@: appendages
A: horns 2, talons 2
a: End Transformation


You were on level 1 of the Dungeon.
You had temporarily grown beastly horns and talons.
You visited 1 branch of the dungeon, and saw 1 of its levels.

You collected 20 gold pieces.

Inventory:

Hand Weapons
 a - a +0 falchion (weapon)
Armour
 d - a +0 robe (worn)


   Skills:
 + Level 1.7 Fighting
 - Level 2.4 Dodging
 - Level 2.4 Unarmed Combat
 - Level 3.0 Spellcasting
 - Level 2.1 Transmutations


You had 6 spell levels left.
You knew the following spells:

 Your Spells              Type           Power      Damage    Failure   Level
a - Beastly Appendage     Tmut           16%        N/A       9%          1

Your spell library contained the following spells:

 Spells                   Type           Power      Damage    Failure   Level
 Wereblood                Tmut           8%         N/A       13%         2
 Spider Form              Tmut/Pois      5%         N/A       38%         3
 Ice Form                 Ice/Tmut       5%         N/A       80%         4


Dungeon Overview and Level Annotations

Branches:
Dungeon (1/15)

Altars:


Innate Abilities, Weirdness & Mutations

You have temporarily grown beastly horns and talons.


Message History

The jackal misses you.
You aren't carrying any potions.
You aren't carrying any scrolls.
Your transformation is almost over.
The jackal closely misses you. The jackal bites you.
* * * LOW HITPOINT WARNING * * *
The jackal barely misses you.
Your horns disappear.
Your talons disappear.
The jackal misses you.
You flicker for a moment.
The jackal barely misses you. The jackal closely misses you.
You aren't carrying any potions.
You aren't carrying any scrolls.
You flicker back into view.
The jackal barely misses you.
You are now empty-handed.
The jackal bites you.
* * * LOW HITPOINT WARNING * * *
The jackal bites you but does no damage.
The jackal completely misses you.
The jackal bites you but does no damage.
The jackal's inner flame fades away.
The jackal's inner flame fades away.
The jackal bites you but does no damage.
Okay, then.
a - a +0 falchion (weapon)
The jackal bites you.
* * * LOW HITPOINT WARNING * * *
Casting: Beastly Appendage (safe; 9% risk of failure)
Press: ? - help, Q - select action Dir - look around, f - activate You grow a pair of large bovine horns.
Your feet morph into talons.
The jackal closely misses you.
You aren't carrying any potions.
You aren't carrying any scrolls.
You hit the jackal.
The jackal is almost dead.
The jackal bites you.
You die...

# #.# #
#.############ #
#......).....#
################.#
.........#.....#†#
####.....#.###.#.#
..##...###.# #.#.#
#.##...h...# #.#.#
#.##.#.##### #.#@#
#.##.#.# #.#h#
.....#.# #h#h#
.......# #.#.#
.####### #...# .#
##### .# ##


You could see 2 jackals.

Vanquished Creatures
  3 endoplasms (D:1)
  A hobgoblin (D:1)
  A quokka (D:1)
  A ball python (D:1)
  A frilled lizard (D:1)
  A kobold (D:1)
8 creatures vanquished.

Notes
Turn   | Place    | Note
-------+----------+-------------------------------------------
     0 | D:1      | Armakuni the Deep Elf Transmuter began the quest for the
                  | Orb.
     0 | D:1      | Reached XP level 1. HP: 11/11 MP: 6/6
    40 | D:1      | Reached skill level 1 in Fighting
   458 | D:1      | Reached XP level 2. HP: 17/17 MP: 6/8
   743 | D:1      | Slain by a jackal

Illustrated notes

Levels and vault maps discovered:
D:1:      denvon_arrival_waterhouse, layout_basic, serial_aquarium,
          aquarium_bridge_square [aquarium_subvault_wall,
          aquarium_subvault_wall, aquarium_subvault_window,
          aquarium_subvault_bridge], aquarium_bridge_square
          [aquarium_subvault_wall, aquarium_subvault_wall,
          aquarium_subvault_wall, aquarium_subvault_bridge],
          aquarium_window_fake, aquarium_window_2, aquarium_view_2d

Skill      XL: |  1 |
---------------+----+-----
Fighting       | 1 |  1.7
Dodging        | |  2.4
Unarmed Combat | |  2.4
Spellcasting   | |  3.0
Transmutations | |  2.1

Action                   || total
-------------------------++-------
Melee: Unarmed           ||    17
       Kick              ||     8
       Headbutt          ||     2
       Punch             ||     2
       Falchion          ||     6
       Club              ||     2
 Cast: Beastly Appendage ||    11
  Use: Potion            ||     2
       Scroll            ||     1
Armor: Robe              ||     6
Dodge: Dodged            ||    31
